 Dungeon Crawl Stone Soup version 0.29.1-15-g9cfb28693d (webtiles) character file.

Game seed: 8783473623983176900

898 Peloso the Covered (level 7, 0/57 (61) HPs)
             Began as a Minotaur Fighter on Apr 15, 2023.
             Was a Follower of Okawaru.
             Killed from afar by Joseph (14 damage)
             ... with a bolt of dispelling energy
             ... on level 8 of the Dungeon.
             The game lasted 00:08:20 (3445 turns).

Peloso the Covered (Minotaur Fighter)               Turns: 3445, Time: 00:08:21

HP:   0/57 (61)     AC: 10    Str: 21    XL:     7   Next: 79%
MP:   6/6           EV: 11    Int:  5    God:    Okawaru [*.....]
Gold: 203           SH:  6    Dex: 11    Spells: 6/6 levels left

rFire   . . .      SeeInvis .   a - +0 long sword
rCold   + . .      Faith    .   c - +1 buckler
rNeg    . . .      Spirit   .   q - +4 ring mail of Mezcal {Regen+}
rPois   .          Reflect  .   (helmet restricted)
rElec   .          Harm     .   (no cloak)
rCorr   .          Rampage  .   (no gloves)
Will    .....                   (no boots)
Stlth   +.........              (no amulet)
HPRegen 0.99/turn               i - ring of protection from cold
MPRegen 0.10/turn               (no ring)

@: drained
A: horns 2, retaliatory headbutt
a: Renounce Religion, Heroism


You were on level 8 of the Dungeon.
You worshipped Okawaru.
Okawaru was aware of your devotion.
You visited 2 branches of the dungeon, and saw 7 of its levels.

You collected 203 gold pieces.

Inventory:

Hand Weapons
 a - a +0 long sword (weapon)
Armour
 b - a +0 scale mail
 c - a +1 buckler (worn)
 q - the +4 ring mail of Mezcal (worn) {Regen+}
   (You found it on level 2 of the Dungeon)

   Regen:     It increases your rate of health regeneration.
Jewellery
 i - a ring of protection from cold (left hand)
Wands
 n - a wand of mindburst (13)
Scrolls
 f - 2 scrolls of poison
 g - a scroll of enchant weapon
 h - a scroll of immolation
 l - 2 scrolls of teleportation
 o - a scroll of fear
 p - a scroll of fog
 r - a scroll of noise
 v - a scroll of enchant armour
Potions
 e - 3 potions of mutation
 j - 3 potions of heal wounds {unknown}
 k - a potion of degeneration {unknown}
 s - a potion of cancellation
 t - a potion of brilliance {unknown}
 u - 2 potions of curing {unknown}
 x - a potion of haste {unknown}


   Skills:
 + Level 5.5 Fighting
 + Level 5.6 Long Blades
 + Level 6.9 Armour
 + Level 3.3 Dodging
 + Level 0.5 Stealth
 + Level 5.4 Shields


You had 6 spell levels left.
You didn't know any spells.
Your spell library was empty.

Dungeon Overview and Level Annotations

Branches:
Dungeon (5/15)             Temple (1/1) D:4

Altars:
Ashenzari
Cheibriados
Dithmenos
Elyvilon
Fedhas
Gozag
Hepliaklqana
Kikubaaqudgha
Makhleb
Nemelex Xobeh
Okawaru
Qazlal
Ru
Sif Muna
Trog
Wu Jian
Xom
Yredelemnul
Zin

Shops:
D:4 *

Annotations:
D:8 Joseph


Innate Abilities, Weirdness & Mutations

You have a pair of horns on your head.
You reflexively headbutt those who attack you in melee.


Message History

You have reached level 7!
You fail to use your ability.
Joseph zaps a wand.
The bolt of dispelling energy hits you.
You hit Joseph. You headbutt Joseph, but do no damage.
Joseph is lightly wounded.
Joseph unwields a +0 sling.
Joseph wields a +1 quarterstaff of draining.
You sense an unholy aura.
Joseph hits you but does no damage.
You feel drained.
You hit Joseph. Your headbutt misses Joseph.
Joseph is lightly wounded.
Joseph zaps a wand.
The bolt of dispelling energy hits you!
* * * LOW HITPOINT WARNING * * *
You slash Joseph!
Joseph is moderately wounded.
You block Joseph's attack.
You slash Joseph!
Joseph is moderately wounded.
You block Joseph's attack.
You hit Joseph.
Joseph is heavily wounded.
Joseph barely misses you. Joseph closely misses you.
You closely miss Joseph.
Joseph is heavily wounded.
Joseph hits you but does no damage.
You feel drained.
You closely miss Joseph.
Joseph is heavily wounded.
Joseph hits you with a +1 quarterstaff of draining!
* * * LOW HITPOINT WARNING * * *
You feel drained.
* * * LOW HITPOINT WARNING * * *
You closely miss Joseph.
Joseph is heavily wounded.
You block Joseph's attack.
You barely miss Joseph.
Joseph is heavily wounded.
Joseph barely misses you.
You barely miss Joseph.
Joseph is heavily wounded.
Joseph zaps a wand.
The bolt of dispelling energy hits you!
You die...

##########
#........#
#...#....##.#
###.#.......#.
#.#.........
#.###.#.#######.
#>....@........
.......#@#......
.......#)#######
.......#.#
...5..5#.#
##..#..#.#
#..5?5#.. ##
....#. . .


You could see Joseph.

Vanquished Creatures
  Pikel (D:8)
  A howler monkey (D:4)
  An orc priest (D:4)
  A hound (D:4)
  An iguana (D:5)
  Natasha (twice) (D:2)
  3 orc wizards (D:3)
  A gnoll (D:4)
  4 adders
  A worm (D:3)
  3 dart slugs
  16 orcs
  7 bats
  10 endoplasms
  5 giant cockroaches
  4 goblins
  10 hobgoblins
  8 jackals
  2 quokkas
  6 ball pythons
  2 frilled lizards
  9 kobolds
  7 rats
105 creatures vanquished.

Notes
Turn   | Place    | Note
-------+----------+-------------------------------------------
     0 | D:1      | Peloso the Minotaur Fighter began the quest for the Orb.
     0 | D:1      | Reached XP level 1. HP: 19/19 MP: 0/0
    34 | D:1      | Reached XP level 2. HP: 13/27 MP: 1/1
   377 | D:1      | Reached skill level 4 in Armour
   635 | D:1      | Reached XP level 3. HP: 27/33 MP: 2/2
   698 | D:1      | Found a faded altar of an unknown god.
  1165 | D:2      | Noticed Natasha
  1183 | D:2      | Killed Natasha
  1184 | D:2      | Reached XP level 4. HP: 27/40 MP: 3/3
  1361 | D:2      | Identified the +4 ring mail of Mezcal {Regen+}
  1565 | D:2      | Noticed Natasha
  1576 | D:2      | Killed Natasha
  1577 | D:2      | Reached skill level 1 in Dodging
  1933 | D:3      | Reached skill level 5 in Armour
  1933 | D:3      | Reached XP level 5. HP: 25/35 MP: 4/4
  2022 | D:3      | Found a white marble altar of Elyvilon.
  2251 | D:3      | Found an ancient bone altar of Kikubaaqudgha.
  2539 | D:4      | Reached XP level 6. HP: 44/53 MP: 5/5
  2665 | D:4      | Reached skill level 5 in Fighting
  2698 | D:4      | Found a staircase to the Ecumenical Temple.
  2730 | D:4      | Found Obecet's Overcharged Wands.
  2746 | Temple   | Entered the Ecumenical Temple
  2909 | D:4      | Found an iron altar of Okawaru.
  2955 | D:4      | Became a worshipper of Warmaster Okawaru
  3038 | D:4      | Found a shimmering blue altar of Sif Muna.
  3169 | D:5      | Entered Level 5 of the Dungeon
  3193 | D:5      | Reached skill level 6 in Armour
  3239 | D:5      | Found an ornate altar of the Wu Jian Council.
  3264 | D:5      | You fall into a shaft and drop 3 floors!
  3308 | D:8      | Found a bloodstained altar of Trog.
  3424 | D:8      | Noticed Pikel
  3426 | D:8      | Noticed Joseph
  3434 | D:8      | Killed Pikel
  3434 | D:8      | Reached * piety under Okawaru
  3435 | D:8      | Reached skill level 5 in Long Blades
  3435 | D:8      | Reached skill level 5 in Shields
  3435 | D:8      | Reached XP level 7. HP: 33/61 MP: 6/6
  3445 | D:8      | Killed from afar by Joseph

Illustrated notes

Levels and vault maps discovered:
D:1:      ebering_trefoil_3fold, layout_rooms,
          hellmonk_ecumenical_altar_crossroads
D:2:      minmay_angry_zag, layout_loops_ring, grunt_ministairs_14,
          minmay_distorted, uniq_natasha
D:3:      layout_rooms, nicolae_overflow_crystal_walls, elyvilon_altar_4
D:4:      layout_cave_pools, okawaru_altar_gauntlet_db,
          mainiacjoe_overflow_small_starburst, minmay_temple_entry_ruins,
          chequers_decorated_corner, nicolae_shop_overcharged_wands
D:5:      layout_cave_pools, mainiacjoe_overflow_24_doors, vehumet_statue
D:8:      layout_basic, trog_book, enter_bailey_3, gammafunk_ghost_spectres,
          nicolae_shop_clearance, uniq_joseph, uniq_pikel
Temple:   nicolae_temple_god_jail

Skill      XL: |  1  2  3  4  5  6 |
---------------+-------------------+-----
Fighting       | 4 5 |  5.5
Armour         | 4 5 6 |  6.9
Shields        | 4 5 |  5.4
Long Blades    | 3 4 5 |  5.6
Dodging        | 1 2 3 |  3.3
Stealth        | |  0.5

Action                   |  1- 3 |  4- 6 |  7- 9 || total
-------------------------+-------+-------+-------++-------
Melee: Long sword        |    80 |   201 |    10 ||   291
       Headbutt          |    12 |    32 |     1 ||    45
  Use: Scroll            |       |    13 |       ||    13
       Potion            |       |     3 |       ||     3
Armor: Scale mail        |    54 |       |       ||    54
       Ring mail         |       |   153 |     2 ||   155
Dodge: Dodged            |    54 |   129 |     3 ||   186
Block: Buckler           |    25 |    63 |     3 ||    91
